[Event "*** Titled Tuesday 3|2 Blitz"]
[Site "Chess.com"]
[Date "2014.12.30"]
[Round "6"]
[White "162a54f5d"]
[Black "rhungaski"]
[Result "0-1"]
[WhiteElo "2298"]
[BlackElo "2414"]
[TimeControl "180+2"]
[EndTime "12:17:38 PST"]
[Termination "rhungaski won by checkmate"]

1. d4 Nf6 2. c4 c5 3. Nf3 cxd4 4.
Nxd4 e5 5. Nb5 d5 6. cxd5 Bc5 7.
N5c3 O-O 8. g3 Re8 9. Bg2 a6 10.
O-O e4 11. Na3 Bf5 12. Nc2 Nbd7 13. Be3 Bd6 14. Nd4 Bg6 15. Rc1 Rc8 16. a3 Ng4 17. Nc2 h5 18. Bd4 h4 19. Ne3 Nxh2 20. Kxh2 hxg3+ 21. Kg1 Qh4 22. fxg3 Bxg3 23. Rf5 Bh2+ 24. Kh1 Bf4+ 25.
Kg1 Qh2+ 26. Kf1 Bxe3 27. Bxe3 Bxf5 28. Qd4 Bh3 29. Bxh3 Qxh3+ 30. Ke1 Ne5 31. d6 Rcd8 32. b3 Nc6 33. Qc5 Re5 34. Qb6 Rxd6 35. Rd1 Qh1+ 36. Bg1 e3 37. Rxd6 Qxg1# 0-1

[Event "*** Titled Tuesday 3|2 Blitz"]
[Site "Chess.com"]
[Date "2014.12.30"]
[Round "6"]
[White "LADIESGET2KNOWME"]
[Black "Imre91"]
[Result "0-1"]
[WhiteElo "2228"]
[BlackElo "2540"]
[TimeControl "180+2"]
[EndTime "12:17:39 PST"]
[Termination "Imre91 won by resignation"]

1. d4 d5 2. Nc3 Nf6 3. Bg5 Ne4 4.
Nxe4 dxe4 5. e3 c6 6. c3 Bf5 7. Bc4 Qb6 8. Qb3 e6 9. Ne2 h6 10. Bh4 Nd7 11. O-O Bd6 12. Bg3 Be7 13. h3 O-O 14.
Nf4 a5 15. a4 Qxb3 16. Bxb3 Nf6 17. Bc2 Rfd8 18. c4 c5 19. Rfd1 cxd4 20. exd4 Rac8 21. b3 Bb4 22. Ne2 g6 23. Bf4 g5 24.
Bd2 e3 25. Bxf5 exd2 26. Bd3 Kg7 27. f3 Nh5 28. g3 f5 29. Kf2 f4 30. gxf4 Nxf4 31. Nxf4 gxf4 32. Rg1+ Kf7 33. d5 exd5 34.
cxd5 Bc5+ 35. Ke2 Re8+ 36. Be4 Bxg1 37. Rxg1 Rc1 38. Rd1 Rxd1 39. Kxd1 Kf6 40. Kxd2 Ke5 41. Kd3 Rc8 42. Kd2 b6 43. Kd3 Rc1 44. Kd2 Rh1 45. Kd3 Rxh3 46. Kc4 Rh2 47. Kb5 Rb2 48. Kxb6 Rxb3+ 49. Kxa5 h5 50. d6 Kxd6 51. Bf5 h4 52. Ka6 Rxf3 53. a5 h3 54. Be4 Re3 0-1

[Event "*** Titled Tuesday 3|2 Blitz"]
[Site "Chess.com"]
[Date "2014.12.30"]
[Round "6"]
[White "AungTZ"]
[Black "ChessWarrior7197"]
[Result "0-1"]
[WhiteElo "2006"]
[BlackElo "2007"]
[TimeControl "180+2"]
[EndTime "12:17:39 PST"]
[Termination "ChessWarrior7197 won by resignation"]

1. e4 e5 2. Nf3 Nc6 3. d4 exd4 4.
Nxd4 Bb4+ 5. c3 Bc5 6. Be3 Bb6 7. Be2 Nf6 8. Nd2 O-O 9. O-O d5 10. Nxc6 bxc6 11. Bg5 h6 12. Bxf6 Qxf6 13. exd5 cxd5 14.
Bf3 c6 15. Nb3 Ba6 16. Re1 Rfe8 17. Qd2 Rad8 18. a4 Bc4 19. Nd4 c5 20. Nc2 Bc7 21. Rxe8+ Rxe8 22. Re1 Rxe1+ 23. Nxe1 Bf4 24. Qd1 d4 25.
cxd4 Qxd4 26. Qxd4 cxd4 27. Be4 g6 28. Bd3 Bb3 29.
Bb5 f5 30. Nd3 Bd6 31. g3 Kf7 32. f4 g5 33. Kf2 Ke6 34. Ke2 Kd5 35. fxg5 hxg5 36.
h4 Bxg3 37. hxg5 Kd6 38. Kf3 Bh2 39. Kg2 Be5 40. Nxe5 Kxe5 41. Kf3 Bf7 42. b4 Bh5+ 43. Kf2 Kf4 44. Bd3 Kxg5 45. b5 Bf7 46. a5 Bd5 47.
Bf1 Kf6 48. Bg2 Ke5 49. b6 axb6 50. a6 d3 51. Bxd5 Kxd5 52. a7 Kd4 53. a8=Q Kc3 54.
Qa5+ bxa5 0-1

[Event "*** Titled Tuesday 3|2 Blitz"]
[Site "Chess.com"]
[Date "2014.12.30"]
[Round "6"]
[White "DARIO555"]
[Black "MattyDPerrine"]
[Result "1-0"]
[WhiteElo "2202"]
[BlackElo "1995"]
[TimeControl "180+2"]
[EndTime "12:17:52 PST"]
[Termination "DARIO555 won by checkmate"]

1. e4 c5 2. Nc3 Nc6 3. f4 g6 4. Nf3 Bg7 5. Bb5 Nd4 6. a4 a6 7.
Bc4 e6 8. d3 Ne7 9. Nxd4 cxd4 10.
Ne2 d5 11. Bb3 Qa5+ 12. Bd2 Qb6 13. a5 Qc5 14. Ba4+ Bd7 15. Bxd7+ Kxd7 16. c3 dxc3 17.
bxc3 dxe4 18. dxe4 Kc7 19. Qc1 Qc4 20. Qb1 Rad8 21.
Qb6+ Kc8 22. Rb1 Rd7 23. Be3 Nc6 24. Kf2 Qxe4 25. Rhd1 Rhd8 26. Nd4 Nxd4 27. cxd4 Rd6 28. Qa7 Kd7 29. Rxb7+ Ke8 30. Re7+ Kf8 31. Rxf7+ Kg8 32. Rxg7+ Kh8 33. Rxh7+ Kg8 34. Qf7# 1-0

[Event "*** Titled Tuesday 3|2 Blitz"]
[Site "Chess.com"]
[Date "2014.12.30"]
[Round "6"]
[White "Gevorg_Harutjunyan"]
[Black "FairChess_on_YouTube"]
[Result "1-0"]
[WhiteElo "2451"]
[BlackElo "2698"]
[TimeControl "180+2"]
[EndTime "12:17:54 PST"]
[Termination "Gevorg_Harutjunyan won by resignation"]

1. e4 e5 2. Nf3 Nc6 3. d4 exd4 4. Nxd4 Qf6 5. Nxc6 Bc5 6. Qf3 bxc6 7. Nd2 Rb8 8.
Nb3 Bb6 9. a4 a6 10. Bc4 d6 11.
Bd2 Qxf3 12. gxf3 Ne7 13. Bc3 O-O 14. Rg1 Ng6 15. a5 Ba7 16. Nd4 Bxd4 17. Bxd4 Ra8 18. h4 Re8 19. h5 Ne5 20. Be2 c5 21. Bc3 f6 22. O-O-O Kf7 23. f4 Nc6 24. f3 h6 25.
Rg3 Nd4 26. Bxd4 cxd4 27. Rdg1 Rg8 28. Bc4+ Be6 29. Bxe6+ Kxe6 30. Rxg7 Rxg7 31. Rxg7 c5 32. b3 d5 33. Rg6 c4 34. e5 Rf8 35. Rxh6 Kf5 36. Rxf6+ Rxf6 37. exf6 Kxf6 38. b4 1-0

[Event "*** Titled Tuesday 3|2 Blitz"]
[Site "Chess.com"]
[Date "2014.12.30"]
[Round "6"]
[White "FlySooHigh"]
[Black "LuckyTiger"]
[Result "0-1"]
[WhiteElo "2359"]
[BlackElo "2518"]
[TimeControl "180+2"]
[EndTime "12:17:54 PST"]
[Termination "LuckyTiger won on time"]

1. e4 e6 2. d4 d5 3. e5 c5 4. c3 Qb6 5. Nf3 Nc6 6. a3 c4 7. g3 f6 8. exf6 Nxf6 9. Bg2 Bd6 10. Qe2 O-O 11. Ne5 Bxe5 12. dxe5 Nd7 13. Be3 Qb3 14.
f4 Ndxe5 15. fxe5 Nxe5 16. Nd2 Qc2 17. Bc5 Nd3+ 18. Qxd3 Qxd3 19. Bxf8 Kxf8 20. O-O-O Bd7 21. Rhf1+ Kg8 22. Rf3 Qg6 23. b3 cxb3 24. Nxb3 Ba4 25. Kb2 Qh5 26. Rd2 Qxh2 27. Nc5 Bc6 28. Re3 d4 29.
cxd4 Bxg2 30. Ree2 Qxg3 31. Rxg2 Qd6 32. Rge2 Re8 33.
Ne4 Qb6+ 34. Ka2 h6 35. Rg2 Kh8 36. Rge2 Qc6 37. Kb2 b6 38. Nc3 Rc8 39. Rd3 b5 40.
Re5 Qc4 41. Ree3 a5 0-1

[Event "*** Titled Tuesday 3|2 Blitz"]
[Site "Chess.com"]
[Date "2014.12.30"]
[Round "6"]
[White "ameet100"]
[Black "davopetr"]
[Result "0-1"]
[WhiteElo "2406"]
[BlackElo "2572"]
[TimeControl "180+2"]
[EndTime "12:17:55 PST"]
[Termination "davopetr won by checkmate"]

1. Nf3 Nf6 2. g3 g6 3. Bg2 Bg7 4. O-O O-O 5. d4 d6 6. c4 c6 7.
Nc3 Qb6 8. h3 Qa6 9. Nd2 Nbd7 10.
b3 Rb8 11. a4 b5 12. cxb5 cxb5 13. Bb2 b4 14. Nb5 Bb7 15. e4 Rbc8 16. Re1 d5 17. e5 Ne4 18. Nxe4 dxe4 19. Bf1 Qa5 20. Qg4 Nb6 21. Rac1 Rfd8 22. h4 a6 23. Na7 Rxc1 24. Rxc1 Qd5 25. Bc4 Nxc4 26. bxc4 Qa5 27. d5 Qc5 28.
Nc6 Bxc6 29. dxc6 Qxc6 30. Rd1 Rd3 31. c5 Qxc5 32. Rc1 Qd5 33. Rc8+ Bf8 34. Qf4 Rd1+ 35.
Kh2 e3 36. Qh6 Qh1# 0-1

[Event "*** Titled Tuesday 3|2 Blitz"]
[Site "Chess.com"]
[Date "2014.12.30"]
[Round "6"]
[White "MartinZumsande"]
[Black "Philofive"]
[Result "0-1"]
[WhiteElo "2211"]
[BlackElo "2276"]
[TimeControl "180+2"]
[EndTime "12:18:04 PST"]
[Termination "Philofive won by resignation"]

1. e4 e6 2. d4 d5 3. Nc3 Bb4 4.
e5 Ne7 5. a3 Bxc3+ 6. bxc3 b6 7. Bb5+ c6 8. Ba4 Ba6 9. Ne2 Nf5 10. O-O h5 11. Re1 h4 12. h3 Qc7 13. Bb3 c5 14. dxc5 bxc5 15. Ba4+ Nc6 16. Nf4 Rc8 17. Rb1 Qa5 18.
Bxc6+ Rxc6 19. Nxd5 exd5 20. Qxd5 Ne7 21. Rb8+ Rc8 22. Qa8 O-O 23. Rxc8 Rxc8 24. Qxa7 Qxc3 25. Rd1 Qxc2 26. Qd7 Bb5 27. Qd6 Bc4 28. Bg5 Nf5 29. Qd7 Be6 30. Qd2 Qxd2 31. Rxd2 c4 32. Rc2 Nd4 33. Rd2 Nb3 34. Rb2 c3 35. Rb1 c2 0-1

[Event "*** Titled Tuesday 3|2 Blitz"]
[Site "Chess.com"]
[Date "2014.12.30"]
[Round "6"]
[White "MikePerelshteyn"]
[Black "AlexanderL"]
[Result "1-0"]
[WhiteElo "2069"]
[BlackElo "2393"]
[TimeControl "180+2"]
[EndTime "12:18:09 PST"]
[Termination "MikePerelshteyn won by checkmate"]

1. Nf3 d5 2. g3 Nf6 3. Bg2 e6 4.
O-O Be7 5. d3 O-O 6. Nbd2 a5 7. e4 a4 8. a3 c5 9. e5 Nfd7 10. Re1 Nc6 11. Nf1 b5 12. h4 b4 13.
h5 h6 14. N1h2 Re8 15. Ng4 Bf8 16. Bf4 bxa3 17. bxa3 Rb8 18. c4 Nb6 19. Qc1 Kh7 20.
Rb1 Ba6 21. Bf1 Ne7 22. Bxh6 gxh6 23. Nf6+ Kh8 24. Qc3 Nf5 25. Nxe8 Qxe8 26. Qa5 Bb7 27. Qxb6 dxc4 28. dxc4 Be7 29. Bg2 Qc8 30. Red1 Kg7 31.
Ne1 Bxg2 32. Qxb8 Qxb8 33. Rxb8 Be4 34. f3 Bc6 35. Rc8 Bb7 36. Rc7 Ba6 37. g4 Ne3 38.
Rdd7 Bh4 39. Rxf7+ Kg8 40. Rg7+ Kf8 41. Rh7 Kg8 42.
Rcg7+ Kf8 43. Ra7 Kg8 44. Rhc7 Bxc4 45. Ra8+ Bd8 46. Rxd8# 1-0

[Event "*** Titled Tuesday 3|2 Blitz"]
[Site "Chess.com"]
[Date "2014.12.30"]
[Round "6"]
[White "Hafez_Bakr"]
[Black "AUSSIE_PINOY"]
[Result "0-1"]
[WhiteElo "1765"]
[BlackElo "2263"]
[TimeControl "180+2"]
[EndTime "12:18:13 PST"]
[Termination "AUSSIE_PINOY won by checkmate"]

1. e4 c5 2. c3 a6 3. d4 e6 4. Nf3 b6 5. Bd3 Bb7 6. O-O Qc7 7. Nbd2 d6 8. Re1 Nd7 9. Nf1 Ngf6 10. Bf4 Be7 11. e5 Nd5 12. Bg3 cxd4 13. cxd4 dxe5 14. Rc1 Qd8 15. Nxe5 Nxe5 16. dxe5 O-O 17.
Be4 Rc8 18. Qd3 h6 19. Rcd1 Qc7 20. Qf3 Ba8 21. a3 Rfd8 22. Bb1 Bf8 23. Qg4 Ne7 24. Bf4 Kh8 25. Rc1 Qb7 26. Ne3 Rxc1 27. Rxc1 b5 28. Qh4 Rd2 29. b4 Qd7 30. f3 Qd4 31. Bg5 Qb2 32.
Re1 Ng8 33. Ng4 Rxg2+ 34. Kh1 Bxf3 35. Rf1 Rxh2+ 36. Kg1 Qg2# 0-1

[Event "*** Titled Tuesday 3|2 Blitz"]
[Site "Chess.com"]
[Date "2014.12.30"]
[Round "6"]
[White "Bigc08"]
[Black "GedoGluperd"]
[Result "0-1"]
[WhiteElo "1977"]
[BlackElo "2296"]
[TimeControl "180+2"]
[EndTime "12:19:05 PST"]
[Termination "GedoGluperd won on time"]

1. e4 g6 2. d4 Bg7 3. Nc3 d6 4. Be3 a6 5. Qd2 b5 6. a4 b4 7. Na2 a5 8. c3 bxc3 9. Nxc3 Nf6 10.
Bc4 O-O 11. Nge2 Nc6 12. O-O Ng4 13. Bg5 h6 14. Bh4 Nf6 15. Rad1 Nb4 16. e5 Nh7 17. Qe3 d5 18. Bb3 Bf5 19. Qf3 Qd7 20. Nxd5 Nxd5 21.
Qxd5 g5 22. Bg3 Rab8 23. Rd2 Qc8 24. Bc2 Rd8 25. Qxa5 Be6 26. d5 Bg4 27. Qc5 e6 28. d6 cxd6 29. Qxc8 Rbxc8 30. exd6 f5 31. f3 Bh5 32.
Bb3 Bf7 33. d7 Rc5 34. Rfd1 Nf6 35. Bd6 Rd5 36. Bxd5 Nxd5 37. Bc5 Rxd7 38. Bd4 Bf8 39. Nc3 Rb7 40. Nxd5 exd5 41. Kf1 Rb4 42. Bc3 Rxa4 43.
Rd4 Ra6 44. Re1 Kh7 45. Rd2 Kg6 46. Rdd1 h5 47. Ra1 Rc6 48. Ra8 Bc5 49. Ra5 Bb6 50. Ra6 d4 51. Bxd4 Bc4+ 52. Re2 Bxa6 53. Bxb6 Rxb6 0-1

[Event "*** Titled Tuesday 3|2 Blitz"]
[Site "Chess.com"]
[Date "2014.12.30"]
[Round "6"]
[White "zmaj23"]
[Black "esr44"]
[Result "1-0"]
[WhiteElo "2110"]
[BlackElo "1990"]
[TimeControl "180+2"]
[EndTime "12:19:09 PST"]
[Termination "zmaj23 won by resignation"]

1. e4 c6 2. Nc3 d5 3. Nf3 Bg4 4. h3 Bh5 5. exd5 cxd5 6. Bb5+ Nc6 7. g4 Bg6 8. Ne5 Rc8 9. d4 e6 10. h4 f6 11. Nxg6 hxg6 12. Qd3 f5 13. Bxc6+ Rxc6 14. h5 Bb4 15. Bd2 Nf6 16. Bg5 Qc7 17. Bxf6 gxf6 18. Kd2 Qf4+ 19. Qe3 Qxg4 20. Rag1 Qe4 21.
Qxe4 dxe4 22. Rxg6 Kf7 23. Rg2 Rc4 24. h6 Rxd4+ 25.
Ke3 e5 26. Rg7+ Ke6 27. h7 f4+ 28. Ke2 Bxc3 29. bxc3 Rd7 30. Rxd7 Kxd7 31. f3 e3 32. Kd3 Ke6 33. Rh6 Rd8+ 34. Ke2 Rh8 35. Kd3 Kd5 36. c4+ Kc5 37. Rh2 f5 38. Rh5 Rd8+ 39. Ke2 Rh8 40. Kd3 Kd6 41. Rh6+ Ke7 42. c5 Kf7 43. c6 bxc6 44.
Rxc6 Kg7 45. Rc7+ Kg6 46. Rxa7 Rxh7 47. Rxh7 Kxh7 48. a4 e4+ 49. Ke2 Kh6 50. a5 Kh5 51.
a6 Kh4 52. a7 Kg3 53. a8=Q 1-0

[Event "*** Titled Tuesday 3|2 Blitz"]
[Site "Chess.com"]
[Date "2014.12.30"]
[Round "6"]
[White "DanielRensch"]
[Black "VovAn1991"]
[Result "0-1"]
[WhiteElo "2338"]
[BlackElo "2436"]
[TimeControl "180+2"]
[EndTime "12:19:18 PST"]
[Termination "VovAn1991 won by resignation"]

1. d4 Nf6 2. Nc3 g6 3. e4 d6 4.
Bg5 Bg7 5. f4 O-O 6. Nf3 c5 7.
dxc5 Qa5 8. Qd2 Qxc5 9. Bd3 Bg4 10. a3 Bxf3 11. gxf3 Nc6 12. f5 Ne5 13. Rf1 Nc4 14.
Bxc4 Qxc4 15. O-O-O Rfc8 16. Bxf6 Bxf6 17. Nd5 Qa2 18.
Nxf6+ exf6 19. c3 Rc5 20. Kc2 Rac8 21. Ra1 Qc4 22. Rad1 Qa4+ 23. Kb1 Kg7 24. h4 R8c6 25. h5 g5 26. h6+ Kxh6 27. Rh1+ Kg7 28. Qh2 Kf8 29.
Rxd6 Rxc3 30. Qh6+ Ke8 31. Qxf6 Qc2+ 32. Ka1 Rxd6 33. Qxd6 Rd3 34. Qe5+ Kf8 35. f6 Rd1+ 36. Rxd1 Qxd1+ 37. Ka2 Qd7 38. Qb8+ Qe8 39. Qd6+ Kg8 40.
Qe7 Qc8 41. Kb3 h6 42. Qd6 Qe6+ 43. Qxe6 fxe6 44. Kc3 h5 45. Kd3 h4 46. Ke3 e5 47.
Kf2 Kf7 48. Kg2 Kxf6 49. Kh3 Kg6 50. Kg4 Kh6 51. b3 Kg6 52. b4 b5 53. Kh3 Kh5 54.
Kg2 g4 0-1

[Event "*** Titled Tuesday 3|2 Blitz"]
[Site "Chess.com"]
[Date "2014.12.30"]
[Round "6"]
[White "BeerLag"]
[Black "DrHolmes13"]
[Result "0-1"]
[WhiteElo "2149"]
[BlackElo "2225"]
[TimeControl "180+2"]
[EndTime "12:19:19 PST"]
[Termination "DrHolmes13 won on time"]

1. e4 c6 2. d4 d5 3. f3 e6 4. Nc3 Bb4 5. Ne2 Ne7 6. Be3 Nd7 7. a3 Ba5 8. b4 Bc7 9. g3 O-O 10. Bg2 Nb6 11. O-O Nc4 12. Bf2 b6 13.
Re1 Ba6 14. a4 Bb7 15. b5 Qd7 16. Nc1 Rfd8 17. e5 a6 18. bxc6 Bxc6 19. Nd3 Rac8 20. g4 Bb8 21. f4 Ba7 22. Qf3 Bb7 23. Qg3 Nd2 24. Ra3 Ne4 25. Nxe4 dxe4 26. Bxe4 Bxe4 27. Rxe4 Rxc2 28. Re1 b5 29. axb5 axb5 30. Nc5 Bxc5 31. dxc5 Nc6 32. Qb3 Qd2 33. Qe3 Qd5 34. Ra6 Nb4 35.
Rd6 Qa8 36. Qb3 Rc4 37. Red1 Rc8 38. Qf3 Nd5 39. f5 Rf4 40. Qg2 h6 41. fxe6 fxe6 42. Rxe6 Nc7 43. Qxa8 Rxa8 44. Re7 Rxg4+ 45. Bg3 Rc8 46.
Kg2 b4 47. Kh3 Rg6 48. Rd6 Kh7 49. Rb6 Nd5 50. Rxg6 Kxg6 51. Rd7 Rxc5 52. e6 Kf6 53. Rd6 b3 54. Bf2 Rc3+ 55. Kg4 Rc4+ 56. Kg3 b2 0-1

[Event "*** Titled Tuesday 3|2 Blitz"]
[Site "Chess.com"]
[Date "2014.12.30"]
[Round "6"]
[White "Tilicheev_Viacheslav"]
[Black "KestutisLabeckas"]
[Result "1-0"]
[WhiteElo "2401"]
[BlackElo "2396"]
[TimeControl "180+2"]
[EndTime "12:19:23 PST"]
[Termination "Tilicheev_Viacheslav won by resignation"]

1. e4 c6 2. Nc3 d5 3. Qf3 e6 4. d4 Nf6 5. e5 Nfd7 6. Nh3 h6 7.
Be3 c5 8. O-O-O Nc6 9. Qg3 c4 10. Nf4 Qg5 11. Nxe6 Qxg3 12. Nc7+ Kd8 13. hxg3 Kxc7 14.
Nxd5+ Kd8 15. Bxc4 b6 16. Nc3 Ke7 17. f4 Bb7 18. d5 Na5 19. d6+ Ke8 20. Bd5 Bxd5 21.
Nxd5 Kd8 22. Bd4 Rc8 23. f5 Nc6 24. e6 Nxd4 25. e7+ Bxe7 26. dxe7+ Ke8 27. Rxd4 h5 28. Re1 Rh6 29. Nf4 Nf6 30. c4 h4 31. g4 Nxg4 32. Nd5 Rhc6 33. Rxg4 Rxc4+ 34. Rxc4 Rxc4+ 35. Nc3 Rc5 36. Kd2 Rxf5 37. a4 Rg5 38. Nb5 Rd5+ 39. Kc3 Rd7 40. Re4 a6 41. Nd4 Rxe7 42. Rxh4 Kd7 43. Kd3 g6 44. Re4 f5 45. Rxe7+ Kxe7 46.
Nf3 Kd6 47. Kd4 Ke6 48. Ne5 g5 49. Nc4 b5 50. axb5 axb5 51. Na3 b4 52. Nc2 b3 53.
Na1 f4 54. Nxb3 Kf5 55. Nd2 g4 56. b4 f3 57. gxf3 g3 58. Ke3 Ke5 59. f4+ 1-0

[Event "*** Titled Tuesday 3|2 Blitz"]
[Site "Chess.com"]
[Date "2014.12.30"]
[Round "6"]
[White "crisfoisor"]
[Black "Houdinovic"]
[Result "1-0"]
[WhiteElo "2152"]
[BlackElo "2208"]
[TimeControl "180+2"]
[EndTime "12:19:48 PST"]
[Termination "crisfoisor won by resignation"]

1. c4 e5 2. g3 Nf6 3. Bg2 h6 4.
Nc3 Nc6 5. a3 a5 6. Rb1 Bc5 7.
d3 d6 8. e3 Bg4 9. Nge2 Qd7 10. h3 Bf5 11. g4 Bh7 12. Ng3 O-O 13.
O-O Rfe8 14. Nd5 Nxd5 15. cxd5 Ne7 16. e4 c6 17. dxc6 bxc6 18. Qc2 Qa7 19. b4 axb4 20.
axb4 Bb6 21. Kh2 Kh8 22. f4 f6 23. f5 Bg8 24. h4 Qa4 25. Qe2 Bf7 26. g5 Ng8 27. Bf3 Ba2 28. Rb2 Bd4 29. Rd2 Bc3 30. Rc2 Bxb4 31. gxh6 gxh6 32. Bh5 Re7 33. Bg6 Bb1 34. Rb2 Ba2 35. Qh5 Kg7 36. Qg4 Kf8 37.
Nh5 Bf7 38. Rg2 Qb3 39. Bh7 Ra2 40. Qg7+ Ke8 41. Bxg8 Rxg2+ 42. Qxg2 Bxg8 43. Nxf6+ Kd8 44. Qxg8+ Qxg8 45. Nxg8 Rg7 46. Nxh6 Ke8 47. f6 Rh7 48. Kh3 d5 49. Nf5 dxe4 50. dxe4 Kf7 51. Ng3 c5 52. Rf5 Ke6 53. Nh5 c4 54. f7 Rxf7 55. Rxf7 Kxf7 56. Kg4 Ke6 57. Ng3 c3 58. h5 Kf6 59.
Bg5+ Kg7 60. Nf5+ Kh7 61. Bc1 Bc5 62. Ne3 Bb6 63. Kf5 Bd4 64. Ng4 c2 65. Nxe5 Bc3 66. Nf3 Bb4 67. e5 Bf8 68. e6 Bh6 69. Ng5+ Kg8 70.
Kg6 Bxg5 71. Kxg5 Kf8 72. h6 Ke7 73. h7 Kxe6 74. h8=Q Kd5 75. Qf6 Kc4 76. Qe5 Kb3 77. Qd4 Ka2 1-0

[Event "*** Titled Tuesday 3|2 Blitz"]
[Site "Chess.com"]
[Date "2014.12.30"]
[Round "6"]
[White "jasrom"]
[Black "THORK"]
[Result "0-1"]
[WhiteElo "2202"]
[BlackElo "2222"]
[TimeControl "180+2"]
[EndTime "12:20:06 PST"]
[Termination "THORK won on time"]

1. e4 e5 2. Nf3 Nf6 3. Nxe5 d6 4.
Nf3 Nxe4 5. d4 d5 6. Bd3 Be7 7. O-O O-O 8. c4 Nf6 9. Nc3 c6 10. Bf4 dxc4 11. Bxc4 Bg4 12. Re1 Nbd7 13. Qd3 Nb6 14. Bb3 Bxf3 15. Qxf3 Qd7 16. Rad1 Rad8 17. Be5 Rfe8 18. h3 Nfd5 19. Ne4 Bb4 20. Re2 Re6 21.
Ng5 Rg6 22. h4 h6 23. Ne4 Qg4 24. Qxg4 Rxg4 25. g3 Bf8 26. h5 f6 27. Bc7 Rd7 28. Bxb6 axb6 29. f3 Rg5 30. Nxg5 hxg5 31. Re8 Kf7 32.
Rde1 Bb4 33. R1e4 b5 34. a3 Be7 35. Rh8 Bf8 36. Kf2 Rd8 37. Ke2 Rd7 38. Kd3 Rd8 39. g4 Rd7 40. Re2 Rd8 41. Rh2 Rd7 42. h6 gxh6 43. Rh7+ Bg7 44. R2xh6 Kf8 45. Bxd5 Rxd5 46.
Rh1 c5 47. Ke4 Rxd4+ 48. Kf5 Kf7 49. Rxg7+ Kxg7 50. Rc1 Rd5+ 51. Ke6 Re5+ 52. Kd6 Kf7 53. Rxc5 Re3 54. Rxb5 Rxf3 55. Rxb7+ Kg6 56. a4 Rf4 57. b4 Rxg4 58. a5 Rg1 59. a6 Ra1 60. a7 g4 61. b5 g3 62. b6 g2 63. Rb8 Kf7 64.
Rb7+ Kg6 65. Rb8 Kh7 66. a8=Q Rxa8 67. Rxa8 g1=Q 68. b7 Qb6+ 0-1

[Event "*** Titled Tuesday 3|2 Blitz"]
[Site "Chess.com"]
[Date "2014.12.30"]
[Round "6"]
[White "bugsbunny444"]
[Black "grandmastergauri"]
[Result "1-0"]
[WhiteElo "2244"]
[BlackElo "2253"]
[TimeControl "180+2"]
[EndTime "12:21:17 PST"]
[Termination "bugsbunny444 won by checkmate"]

1. Nf3 Nf6 2. c4 c5 3. g3 Nc6 4.
d4 cxd4 5. Nxd4 g6 6. Bg2 Bg7 7.
O-O O-O 8. c5 a5 9. Nc3 Nxd4 10.
Qxd4 Ra6 11. Bf4 Re6 12. Qd2 Nh5 13. Bh6 b6 14. Bxg7 Nxg7 15. cxb6 Rxb6 16. Nd5 Re6 17. Rfc1 Bb7 18. Rc5 Bxd5 19. Bxd5 Rd6 20. Qxa5 Qb8 21. b4 Ne6 22. Bxe6 Rxe6 23. e3 d6 24. Rc7 Re5 25.
Qa7 Qxb4 26. Rxe7 Qb2 27. Rd1 Rf5 28. e4 Rf6 29. Qd4 Qxd4 30. Rxd4 Ra8 31. a4 Rf3 32. Rb7 Ra3 33. Rbb4 Ra6 34. Kg2 Ra2 35. h4 h5 36.
Kf3 Kg7 37. Ke3 Kf6 38. Rd2 R2xa4 39. Rxd6+ Ke7 40. Rxa6 Rxb4 41. Kf4 Rb2 42. f3 Rb5 43. Ra4 Kf6 44. g4 Kg7 45. g5 Kf8 46. Ra7 Rc5 47. Kg3 Rc3 48. Rd7 Ke8 49. Rd5 Ke7 50. Ra5 Rc1 51.
Ra7+ Ke6 52. Ra6+ Ke5 53. Rf6 Rc7 54. Kf2 Kd4 55. Rd6+ Ke5 56. Rf6 Kd4 57. Ke2 Rc2+ 58. Kd1 Rc7 59. Kd2 Rd7 60. Ke2 Ra7 61. Kf2 Ra2+ 62. Kg3 Ra7 63. Kf4 Rd7 64. e5 Re7 65. Rd6+ Kc5 66. Ke4 Rb7 67. Rf6 Rb4+ 68. Ke3 Rb3+ 69.
Kf2 Rb7 70. e6 fxe6 71. Rxg6 Kd5 72. Rh6 Ke5 73. Kg3 Kf5 74. Rxh5 Rb1 75. Rh6 Rg1+ 76. Kf2 Rh1 77. Rf6+ Ke5 78. Kg3 Rg1+ 79. Kh2 Ra1 80.
Kg2 Ra2+ 81. Kg3 Ra1 82. f4+ Kd5 83. f5 e5 84. g6 Rg1+ 85. Kf2 Rg4 86. h5 Ke4 87. h6 Kf4 88. h7 Rh4 89. Rf8 e4 90. h8=Q e3+ 91. Ke2 Rg4 92. Qh6+ Kg3 93. Qxe3+ Kg2 94.
Qf3+ Kh2 95. Qxg4 Kh1 96. Rh8# 1-0

[Event "*** Titled Tuesday 3|2 Blitz"]
[Site "Chess.com"]
[Date "2014.12.30"]
[Round "6"]
[White "PauloCesarCosta"]
[Black "oggy1984"]
[Result "1/2-1/2"]
[WhiteElo "2066"]
[BlackElo "2144"]
[TimeControl "180+2"]
[EndTime "12:21:54 PST"]
[Termination "Game drawn by agreement"]

1. Nf3 Nf6 2. c4 b6 3. g3 Bb7 4. Bg2 e6 5. Nc3 Be7 6. O-O O-O 7. d4 d5 8. cxd5 Nxd5 9. Qc2 Nxc3 10. bxc3 Qc8 11.
Bf4 Nd7 12. Ne5 Nxe5 13. Bxe5 Bxg2 14. Kxg2 c5 15. Rac1 Rd8 16. Qe4 Qa6 17. Rc2 Rac8 18. Rfc1 Qa4 19. Qg4 g6 20. Qe4 f6 21. Bf4 Kf7 22. Be3 f5 23. Qd3 c4 24. Qd2 Rd5 25.
Bg5 Ba3 26. Rd1 Qc6 27. f3 Rd7 28. Bf4 Re8 29. Be5 Bd6 30. Bxd6 Rxd6 31. Qh6 Kg8 32. Rcd2 Qd7 33. Qe3 Rd5 34. f4 Ra5 35.
Kg1 Qd5 36. Qf3 Ra3 37. Qxd5 exd5 38. Rc1 Re3 39. Rdc2 Kf7 40. Kf2 Re4 41. Kf3 Kf6 42.
e3 Re6 43. Ke2 b5 44. Kf3 Rea6 45. Ra1 R6a4 46. Ke2 a5 47. Kd2 b4 48. cxb4 axb4 49.
Kc1 Rxe3 50. Kd2 Rd3+ 51. Kc1 Rf3 52. Kb2 Raa3 53. Re2 Rfd3 54. Rae1 c3+ 55. Kb1 Kg7 56. Re7+ Kh6 57. R7e2 b3 58. axb3 Rxd4 59. Kc2 Rd2+ 60. Kxc3 Rxe2 61. Rxe2 Ra1 62. Kd4 Rd1+ 63. Kc3 Kg7 64. Kc2 Rd4 65. Kc3 Rd1 66. Kc2 Ra1 67. Kb2 Rf1 68. Rd2 Kf6 69. Rxd5 Rf2+ 70. Kc3 Rxh2 71. b4 Rh1 72. b5 Rb1 73. Kc4 h6 74. Kc5 g5 75. fxg5+ hxg5 76. b6 f4 77. gxf4 gxf4 78.
Kc6 f3 79. Rd2 Ke5 80. Rf2 Ke4 81. b7 Ke3 82. Rxf3+ Kxf3 83. Kc7 Rc1+ 1/2-1/2

[Event "*** Titled Tuesday 3|2 Blitz"]
[Site "Chess.com"]
[Date "2014.12.30"]
[Round "6"]
[White "UnPolarizing"]
[Black "Sebastian"]
[Result "1-0"]
[WhiteElo "2251"]
[BlackElo "2530"]
[TimeControl "180+2"]
[EndTime "12:22:20 PST"]
[Termination "UnPolarizing won on time"]

1. e4 c5 2. d4 cxd4 3. c3 Nf6 4.
e5 Nd5 5. Qxd4 e6 6. Nf3 Nc6 7.
Qe4 f5 8. Qe2 Qc7 9. g3 b5 10.
Bg2 a5 11. O-O Ba6 12. Rd1 Bc5 13. Nbd2 O-O 14. Nb3 Bb6 15. Bg5 h6 16. Bh4 a4 17.
Nbd4 Nxd4 18. Nxd4 b4 19. Qh5 Qxe5 20. Re1 Qd6 21.
Rad1 bxc3 22. bxc3 Rac8 23. h3 Rxc3 24. Qg6 Bxd4 25.
Rxd4 Bb7 26. Red1 Qc5 27. Kh2 Rc1 28. R1d2 Bc6 29. g4 Qd6+ 30. Bg3 f4 31. g5 fxg3+ 32. fxg3 Qe5 33. gxh6 Qf6 34. Qxg7+ Qxg7 35. hxg7 Kxg7 36. h4 a3 37. R4d3 Nf6 38. Rxa3 Ng4+ 39. Kh3 Nf2+ 40. Kh2 Ng4+ 41. Kh3 Bxg2+ 42. Kxg2 Ne3+ 43. Rxe3 Rf7 44. Ree2 Rc3 45. Rf2 d5 46. a4 Ra3 47. Rd4 Rxf2+ 48. Kxf2 Kf6 49. Rf4+ Kg6 50. g4 e5 51. Rf5 Ra2+ 52. Kg3 Ra3+ 53. Rf3 Rxa4 54. h5+ Kh6 55. Rf6+ Kg7 56. Re6 Re4 57. g5 d4 58. Kf3 Rf4+ 59.
Ke2 Rf5 60. h6+ Kf7 61. h7 Kxe6 62. h8=Q Rxg5 63. Qc8+ Kf6 64. Qc6+ Kf5 65. Qf3+ Ke6 66. Kd3 Rf5 67. Qh3 Kf6 68. Qh6+ Kf7 69. Qh7+ Ke6 70.
Qg8+ Kf6 71. Qf8+ Kg6 72. Qg8+ Kf6 73. Qh8+ Kg5 74. Qg7+ Kf4 75. Qh6+ Rg5 76. Qh4+ 1-0